 Dungeon Crawl Stone Soup version 0.21-a0-615-g8e08f28 (webtiles) character file.

880 Firecrotchwizard the Grappler (level 7, -8/66 HPs)
             Began as a Troll Monk on Dec 22, 2017.
             Was a Believer of Ru.
             Mangled by a seven-headed hydra (16 damage)
             ... on level 6 of the Dungeon.
             The game lasted 00:08:43 (3617 turns).

Firecrotchwizard the Grappler (Troll Monk)          Turns: 3617, Time: 00:08:44

Health: -8/66      AC:  6    Str: 20    XL:     7   Next: 75%
Magic:  6/6        EV: 10    Int:  6    God:    Ru [**....]
Gold:   177        SH:  0    Dex: 14    Spells: 6/6 levels left

rFire    . . .     SeeInvis .     - Unarmed
rCold    . . .     Gourm    +   (no shield)
rNeg     . . .     Faith    .   a - +1 robe
rPois    .         Spirit   .   (helmet restricted)
rElec    .         Reflect  .   (no cloak)
rCorr    .         Harm     .   (gloves unavailable)
MR       .....                  (boots unavailable)
Stlth    ++........             g - amulet of regeneration {@e1+regen, !d}
HPRegen  1.01/turn              (no ring)
MPRegen  0.10/turn              (no ring)

@: no scrolls
A: large, unfitting armour, claws 3, fast metabolism 3, gourmand, regeneration
1, shaggy fur 1, tough skin 2, inability to read while threatened, hated by all
a: Renounce Religion


You were on level 6 of the Dungeon.
You worshipped Ru.
Ru was pleased with you.
You were not hungry.

You visited 1 branch of the dungeon, and saw 6 of its levels.

You collected 210 gold pieces.
You spent 33 gold pieces at shops.

Inventory:

Hand Weapons
 s - a +4 short sword of flaming
   (You found it on level 4 of the Dungeon)
Armour
 a - a +1 robe (worn)
Jewellery
 g - an amulet of regeneration (around neck) {@e1+regen, !d}
   (You found it on level 1 of the Dungeon)
Wands
 e - a wand of random effects (23)
   (You took it off Natasha on level 4 of the Dungeon)
Scrolls
 j - 5 scrolls of identify
 l - a scroll of fog
Potions
 c - a potion of degeneration {unknown}
 d - 2 potions of heal wounds
 f - 2 potions of haste
 h - a potion of cancellation {unknown}
 i - a potion of brilliance {unknown}
 p - 2 potions of curing
 r - a potion of might {unknown}
 u - a potion of agility {unknown}
Books
 k - a book of Misfortune
   (You found it on level 3 of the Dungeon)
Comestibles
 b - 7 rations {@e1}


   Skills:
 - Level 2.4 Fighting
 - Level 2.4 Dodging
 - Level 1.0 Stealth
 * Level 9.4 Unarmed Combat


You had 6 spell levels left.
You didn't know any spells.

Dungeon Overview and Level Annotations

Branches:
Dungeon (6/15)
 Temple: D:4-7

Altars:
Ru
Wu Jian

Shops:
D:5 *

Annotations:
D:3 1 runed door


Innate Abilities, Weirdness & Mutations

You are too large for most types of armour.
You have claws for hands.
Your metabolism is lightning-fast.
You like to eat raw meat.
Your natural rate of healing is unusually fast.
You are covered in fur. (AC +1)
You have very tough skin. (AC +2)
You cannot read scrolls while threatened.
You are hated by all.


Message History

Okay, then.
(D) Dungeon
Where to? (Enter - D:5, ? - help)
There is a stone staircase leading down here.
You climb downwards.
There is a stone staircase leading up here.
An iguana and an ogre come into view.
The iguana hisses angrily.
A shadow imp comes into view.
The ogre shouts!
You scratch the ogre but do no damage.
The ogre hits you with a giant spiked club!!
You take 25 damage, and have 41/66 hp.
MASSIVE DAMAGE!!
You barely miss the ogre. You claw the ogre!
The ogre hits you with a giant spiked club!
You feel threatened and lose the ability to read scrolls!
You take 9 damage, and have 33/66 hp.
You scratch the ogre. You claw the ogre! Your claw misses the ogre.
The ogre hits you with a giant spiked club!
You take 10 damage, and have 24/66 hp.
You claw the ogre!
You kill the ogre!
Your Unarmed Combat skill increases to level 9!
Unknown command.
The iguana bites you!
* * * LOW HITPOINT WARNING * * *
You take 12 damage, and have 13/66 hp.
You claw the iguana!
You kill the iguana!
You see here a giant spiked club.
You start resting.
You can read scrolls again.
You start resting.
Health restored: 66 You may need something to eat soon, looking for food.
Can't find anything matching that.
Okay, then.
You see here a giant spiked club.
An orc and 2 orc priests come into view.
The orc priest shouts! x2
The orc priest casts a cantrip, but nothing happens.
The orc priest mumbles some strange prayers to Beogh against you.
Beogh smites you!
You take 12 damage, and have 54/66 hp.
You closely miss the orc priest. The orc priest misses you.
You mangle the orc priest!!
You kill the orc priest!
The orc barely misses you. The orc priest barely misses you.
You claw the orc priest!
You kill the orc priest!
The orc hits you with a flail.
You take 2 damage, and have 54/66 hp.
You claw the orc!
You kill the orc!
No target in view!
No target in view!
You may need something to eat soon, looking for food.
Can't find anything matching that.
Okay, then.
Things that are here:
a hand axe; a ring mail You now have 177 gold pieces (gained 15).
The shadow imp is too close now for your liking.
Health restored: 66 A shadow imp is nearby!
You claw the shadow imp! You scratch the shadow imp.
You kill the shadow imp!
No target in view!
You may need something to eat soon, looking for food.
Can't find anything matching that.
Okay, then.
A six-headed hydra comes into view.
The six-headed hydra roars!
You hear a croak.
Okay, then.
You see here a book of Misfortune.
You see here a giant spiked club.
There is a stone staircase leading up here.
You climb upwards.
There is a stone staircase leading down here.
You climb downwards.
The six-headed hydra bites you! x2
The six-headed hydra bites you. x2; The six-headed hydra bites you!
You feel threatened and lose the ability to read scrolls!
The six-headed hydra bites you!
There is a stone staircase leading up, spattered with blood here.
You take 45 damage, and have 21/66 hp.
MASSIVE DAMAGE!!
You rip one of the six-headed hydra's heads off!
The five-headed hydra grows two more!
You mangle the seven-headed hydra!! The seven-headed hydra bites you.
The seven-headed hydra barely misses you.
The seven-headed hydra bites you but does no damage.
The seven-headed hydra closely misses you.
The seven-headed hydra bites you!
* * * LOW HITPOINT WARNING * * *
The seven-headed hydra bites you!
You die...

### ###########.#
#@D.........#
###########.# #.# #D#
####### #)#
.......#######.#####.
..........)..#.......
...........)..........
..........[#:#......#


You could see a seven-headed hydra.

Vanquished Creatures
  An ogre (D:6)
  A bullfrog (D:4)
  The ghost of apoch the Poker, a weakling MfFi (D:3)
  A howler monkey (D:4)
  A bullfrog zombie (D:5)
  A crimson imp (D:5)
  3 hounds (D:5)
  5 orc priests
  2 iguanas
  Natasha (thrice) (D:4)
  A worker ant (D:4)
  A hound skeleton (D:4)
  5 adders
  2 shadow imps
  An adder skeleton (D:4)
  4 worms
  A dart slug (D:1)
  6 leopard geckos
  18 orcs
  2 ball pythons (D:2)
  4 bats
  3 giant cockroaches
  3 goblins
  5 hobgoblins
  6 kobolds
  A quokka (D:5)
  6 frilled lizards
  2 leopard gecko skeletons
  2 quokka skeletons
  8 rats
100 creatures vanquished.

Notes
Turn   | Place    | Note
-------+----------+-------------------------------------------
     0 | D:1      | Firecrotchwizard the Troll Monk began the quest for the Orb.
     0 | D:1      | Reached XP level 1. HP: 22/22 MP: 0/0
    81 | D:1      | Reached XP level 2. HP: 29/29 MP: 1/1
   269 | D:1      | Reached skill level 4 in Unarmed Combat
   460 | D:2      | Reached XP level 3. HP: 36/36 MP: 2/2
   828 | D:2      | Found a sacrificial altar of Ru.
   925 | D:2      | Became a worshipper of Ru the Awakened
   929 | D:2      | Gained mutation: You are hated by all. [Ru sacrifice]
   929 | D:2      | Reached * piety under Ru
  1185 | D:3      | Reached XP level 4. HP: 44/44 MP: 3/3
  1194 | D:3      | Reached skill level 5 in Unarmed Combat
  1305 | D:3      | Noticed apoch's ghost (weakling MfFi)
  1332 | D:3      | Killed apoch's ghost
  1332 | D:3      | Reached XP level 5. HP: 39/50 MP: 4/4
  1671 | D:3      | Reached skill level 6 in Unarmed Combat
  1721 | D:3      | Found a runed door.
  2051 | D:4      | Noticed Natasha
  2057 | D:4      | Killed Natasha
  2266 | D:4      | Reached skill level 7 in Unarmed Combat
  2266 | D:4      | Reached XP level 6. HP: 46/59 MP: 5/5
  2421 | D:4      | Noticed Natasha
  2430 | D:4      | Killed Natasha
  2556 | D:4      | Noticed Natasha
  2564 | D:4      | Killed Natasha
  2691 | D:5      | Entered Level 5 of the Dungeon
  2747 | D:5      | Reached skill level 8 in Unarmed Combat
  2747 | D:5      | Reached XP level 7. HP: 63/66 MP: 6/6
  2805 | D:5      | Found an ornate altar of the Wu Jian Council.
  2858 | D:5      | Gained mutation: You cannot read scrolls while threatened. [Ru sacrifice]
  2858 | D:5      | Reached ** piety under Ru
  3151 | D:5      | Found Berux's General Store.
  3154 | D:5      | Bought a potion of curing for 33 gold pieces
  3492 | D:6      | Reached skill level 9 in Unarmed Combat
  3493 | D:6      | HP: 13/66 [iguana (13)]
  3586 | D:6      | Noticed a six-headed hydra
  3617 | D:6      | HP: 8/66 [seven-headed hydra (12)]
  3617 | D:6      | Mangled by a seven-headed hydra

Vault maps used:
D:1:      zaba_arrival_water
D:2:      first_ration, nicolae_ru_the_path_less_chosen
D:3:      minmay_misc_feat_rugged, uniq_crazy_yiuf_cottage
D:4:      roderic_filled_cross, kennysheep_generic_room_8, uniq_natasha
D:5:      overflow_temple_1_default, serial_shops, kennysheep_mini,
          grunt_ministairs_2
D:6:      hangedman_cross_stitches, kennysheep_generic_room_5

Skill      XL: |  1  2  3  4  5  6  7 |
---------------+----------------------+-----
Unarmed Combat | 4 5 7 8 9 |  9.4
Fighting       | |  2.4
Dodging        | |  2.4
Stealth        | |  1.0

Action                   |  1- 3 |  4- 6 |  7- 9 || total
-------------------------+-------+-------+-------++-------
Melee: Unarmed           |   122 |   117 |    44 ||   283
       Punch             |     2 |     2 |       ||     4
Invok: Sacrifice Love    |     1 |       |       ||     1
       Sacrifice Words   |       |       |     1 ||     1
  Use: Scroll            |     7 |     4 |     1 ||    12
 Stab: Sleeping          |     3 |     2 |     1 ||     6
  Eat: Chunk             |    16 |    12 |     3 ||    31
Armor: Robe              |    45 |    29 |     5 ||    79
Dodge: Dodged            |    63 |    41 |    10 ||   114

Table legend:
 A = Spawn XP
 B = Non-spawn XP
 C = Spawn XP percentage of total XP
 D = Spawn monster count
 E = Non-spawn monster count
 F = Spawn count percentage of total count
 G = Total turns spent on level
                    A         B        C        D         E        F      G
               +---------+---------+-------+---------+---------+-------+---------
         Total |       0 |    1258 |   0.0 |       0 |     100 |   0.0 |  3617
               +---------+---------+-------+---------+---------+-------+---------
           D:1 |       0 |      40 |   0.0 |       0 |      21 |   0.0 |   458
           D:2 |       0 |      39 |   0.0 |       0 |      15 |   0.0 |   485
           D:3 |       0 |     173 |   0.0 |       0 |      21 |   0.0 |  1108
           D:4 |       0 |     361 |   0.0 |       0 |      19 |   0.0 |   640
           D:5 |       0 |     387 |   0.0 |       0 |      18 |   0.0 |   774
           D:6 |       0 |     258 |   0.0 |       0 |       6 |   0.0 |   152
               +---------+---------+-------+---------+---------+-------+---------

Vault maps used:
D:1:      zaba_arrival_water
D:2:      first_ration, nicolae_ru_the_path_less_chosen
D:3:      minmay_misc_feat_rugged, uniq_crazy_yiuf_cottage
D:4:      roderic_filled_cross, kennysheep_generic_room_8, uniq_natasha
D:5:      overflow_temple_1_default, serial_shops, kennysheep_mini,
          grunt_ministairs_2
D:6:      hangedman_cross_stitches, kennysheep_generic_room_5

Table legend:
 A = Turns spent in this place as a percentage of turns spent in the entire game.
 B = Non-inter-level travel turns spent in this place as a percentage of non-inter-level travel turns spent in the entire game.
 C = Inter-level travel turns spent in this place as a percentage of turns spent in this place.
 D = Turns resting spent in this place as a percentage of non-inter-level travel turns spent in this place.
 E = Turns spent auto-exploring this place as a percentage of non-inter-level travel turns spent in this place.
 F = Non-inter-level travel turns spent in this place divided by the number of levels of this place that you've seen.
                   A       B       C       D       E      F
               +-------+-------+-------+-------+-------+----------------------
         Total | 100.0 | 100.0 |   5.1 |   6.0 |  74.2 | 572.0
       Dungeon | 100.0 | 100.0 |   5.1 |   6.0 |  74.2 | 572.0
               +-------+-------+-------+-------+-------+----------------------

Table legend:
 A = Kills in this place as a percentage of kills in entire the game.
 B = Kills by you in this place as a percentage of kills by you in the entire game.
 C = Kills by friends in this place as a percentage of kills by friends in the entire game.
 D = Other kills in this place as a percentage of other kills in the entire game.
 E = Experience gained in this place as a percentage of experience gained in the entire game.
 F = Experience gained in this place divided by the number of levels of this place that you have seen.
                   A       B       C       D       E      F
               +-------+-------+-------+-------+-------+----------------------
         Total | 100.0 | 100.0 |   N/A |   N/A | 100.0 | 209.7
       Dungeon | 100.0 | 100.0 |   N/A |   N/A | 100.0 | 209.7
               +-------+-------+-------+-------+-------+----------------------
